 Dungeon Crawl Stone Soup version 0.21-a0-508-gf08a75f (webtiles) character file.

333 slep the Skirmisher (level 6, -8/48 HPs)
             Began as a Demonspawn Fighter on Nov 29, 2017.
             Was a Follower of Okawaru.
             Killed by nerve-wracking pain
             ... invoked by an orc priest
              (13 damage)
             ... on level 3 of the Dungeon.
             The game lasted 00:12:15 (2367 turns).

slep the Skirmisher (Demonspawn Fighter)            Turns: 2367, Time: 00:12:16

Health: -8/48      AC: 11    Str: 17    XL:     6   Next: 27%
Magic:  0/6        EV:  7    Int:  9    God:    Okawaru [*.....]
Gold:   146        SH:  9    Dex: 14    Spells: 5/5 levels left

rFire    . . .     SeeInvis .   a - +2 trident (freeze)
rCold    . . .     Gourm    .   c - +0 shield
rNeg     . . .     Faith    .   s - +1 scale mail {rPois}
rPois    +         Spirit   +   (helmet restricted)
rElec    +         Reflect  .   (no cloak)
rCorr    .         Harm     .   u - +0 pair of gloves (curse)
MR       .....                  (no boots)
Stlth    +.........             v - amulet of guardian spirit
HPRegen  0.16/turn              o - ring of wizardry
MPRegen  0.10/turn              m - ring of stealth

@: no status effects
A: antennae 1, talons 1, icy blue scales 1, electricity resistance
a: Heroism, Renounce Religion


You were on level 3 of the Dungeon.
You worshipped Okawaru.
Okawaru was aware of your devotion.
You were not hungry.

You visited 1 branch of the dungeon, and saw 3 of its levels.

You collected 146 gold pieces.

Inventory:

Hand Weapons
 a - a +2 trident of freezing (weapon)
 x - a +0 trident
 y - a +0 blowgun
Missiles
 n - 20 poisoned needles
 t - 2 throwing nets (quivered)
Armour
 b - a +0 scale mail
 c - a +0 shield (worn)
 p - a +0 helmet
 s - a +1 scale mail of poison resistance (worn)
 u - a cursed +0 pair of gloves (worn)
Jewellery
 m - a ring of stealth (right hand)
 o - a ring of wizardry (left hand)
 v - an amulet of guardian spirit (around neck)
Scrolls
 e - 4 scrolls of remove curse {unknown}
 i - 2 scrolls of identify {unknown}
 l - 2 scrolls of teleportation {unknown}
 w - a scroll of magic mapping {unknown}
Potions
 d - a potion of might
 g - a potion of brilliance
 h - a potion of curing {unknown}
 j - a potion of agility
 k - a potion of heal wounds {unknown}
 r - a potion of degeneration {unknown}
Comestibles
 f - 2 bread rations
 z - 2 meat rations
 A - a chunk of flesh


   Skills:
 + Level 4.0 Fighting
 + Level 3.6 Polearms
 + Level 3.8 Armour
 + Level 0.7 Dodging
 + Level 4.0 Shields


You had 5 spell levels left.
You didn't know any spells.

Dungeon Overview and Level Annotations

Branches:
Dungeon (3/15)

Altars:
Okawaru


Innate Abilities, Weirdness & Mutations

You have sharp toenails.
You are partially covered in icy blue scales. (AC +2)
You have a pair of small antennae on your head.
You are resistant to electric shocks. (rElec)


Message History

Okawaru accepts your kill.
The orc priest mumbles some strange prayers to Beogh against you.
Beogh smites you!
* * * LOW HITPOINT WARNING * * *
The orc barely misses you.
You barely miss the orc.
The orc priest invokes the aid of Beogh against you.
Beogh smites you!
* * * LOW HITPOINT WARNING * * *
The orc hits you but does no damage.
You barely miss the orc. The orc hits you but does no damage.
It was a potion of mutation.
You feel extremely strange. A pair of antennae grows on your head!
Your +0 helmet falls away!
You feel stronger.
You feel weaker.
You feel insulated. You block the orc's attack.
The orc priest looks encouraged for a moment.
The orc priest mumbles some strange prayers to Beogh against you.
Pain shoots through your body!
You die...

# .....######.#.###..#..#
######...##.#...#.........#
#....#...##.#...#####..##.#
#b...#.................##.#
#....#....#.#...######.##.#
######.........).......##.#
..........#.....#.#######.#
.....†.#..#.....#.# #.#
########..#.....@)# #.#
#..#..#.o#)# #.#
#..#.......# .....#...o.
.#. ..<#.#. .. ........# .
.......# # #..#.# .#


You could see an orc priest and an orc.

Vanquished Creatures
  3 orc priests (D:3)
  An orc wizard (D:3)
  Ijyb (D:3)
  4 gnolls (D:2)
  5 adders
  3 oozes (D:3)
  2 dart slugs
  2 leopard geckos (D:1)
  13 orcs
  2 ball pythons
  9 bats
  2 giant cockroaches
  6 goblins
  7 hobgoblins
  8 jackals
  3 frilled lizards (D:2)
  6 kobolds
  8 rats
85 creatures vanquished.

Notes
Turn   | Place    | Note
-------+----------+-------------------------------------------
     0 | D:1      | slep the Demonspawn Fighter began the quest for the Orb.
     0 | D:1      | Reached XP level 1. HP: 18/18 MP: 1/1
   134 | D:1      | Gained mutation: You have sharp toenails. [demonic ancestry]
   134 | D:1      | Reached XP level 2. HP: 23/24 MP: 2/2
   441 | D:1      | Reached XP level 3. HP: 29/29 MP: 3/3
   792 | D:2      | Found an iron altar of Okawaru.
   800 | D:2      | Became a worshipper of Warmaster Okawaru
   958 | D:2      | Gained mutation: You are partially covered in icy blue scales. (AC +2) [demonic ancestry]
   958 | D:2      | Reached XP level 4. HP: 35/35 MP: 4/4
  1148 | D:3      | Noticed Ijyb
  1436 | D:2      | Reached XP level 5. HP: 32/41 MP: 5/5
  1581 | D:3      | Paralysed by Ijyb for 5 turns
  1590 | D:3      | Paralysed by Ijyb for 3 turns
  1600 | D:3      | Paralysed by Ijyb for 6 turns
  1608 | D:3      | Paralysed by Ijyb for 4 turns
  1622 | D:3      | Killed Ijyb
  1622 | D:3      | Reached * piety under Okawaru
  2112 | D:3      | Reached XP level 6. HP: 22/48 MP: 2/6
  2366 | D:3      | Gained mutation: You have a pair of small antennae on your head. [potion of mutation]
  2366 | D:3      | Gained mutation: Your muscles are strong. (Str +2) [potion of mutation]
  2366 | D:3      | Lost mutation: Your muscles are strong. (Str +2) [potion of mutation]
  2366 | D:3      | Gained mutation: You are resistant to electric shocks. (rElec) [potion of mutation]
  2367 | D:3      | Killed from afar by an orc priest

Vault maps used:
D:1:      saegor_arrival_simple_e, st_stairs_7
D:2:      lemuel_coloured_pillars_altar, first_bread
D:3:      doesnt_xom_only_xom, serial_aquarium, aquarium_bridge_square,
          aquarium_bridge_straight, aquarium_window_corridor_1,
          aquarium_window_1, aquarium_window_fake, aquarium_window_2,
          aquarium_view_2d, aquarium_view_2b, aquarium_balcony_double_1,
          aquarium_pool_corner, uniq_ijyb

Skill      XL: |  1  2  3  4  5  6 |
---------------+-------------------+-----
Armour         | 3 |  3.8
Shields        | 3 4 |  4.0
Polearms       | 2 3 |  3.6
Fighting       | 4 |  4.0
Dodging        | |  0.7

Action                   |  1- 3 |  4- 6 || total
-------------------------+-------+-------++-------
Melee: Trident           |   124 |   161 ||   285
       Kick              |    26 |    43 ||    69
  Use: Potion            |       |     3 ||     3
  Eat: Chunk             |       |     5 ||     5
Armor: Scale mail        |    71 |   129 ||   200
Dodge: Dodged            |    42 |    80 ||   122
Block: Shield            |    55 |   125 ||   180

Table legend:
 A = Spawn XP
 B = Non-spawn XP
 C = Spawn XP percentage of total XP
 D = Spawn monster count
 E = Non-spawn monster count
 F = Spawn count percentage of total count
 G = Total turns spent on level
                    A         B        C        D         E        F      G
               +---------+---------+-------+---------+---------+-------+---------
         Total |       0 |     476 |   0.0 |       0 |      85 |   0.0 |  2367
               +---------+---------+-------+---------+---------+-------+---------
           D:1 |       0 |      48 |   0.0 |       0 |      26 |   0.0 |   695
           D:2 |       0 |     138 |   0.0 |       0 |      28 |   0.0 |  1199
           D:3 |       0 |     290 |   0.0 |       0 |      31 |   0.0 |   473
               +---------+---------+-------+---------+---------+-------+---------
